 Dungeon Crawl Stone Soup version 0.32-a0-86-g8db1b9f803 (webtiles) character file.

Game seed: 8289036864721310409

14 Esekla the Sneak (level 2, -5/21 HPs)
             Began as an Octopode Delver on Feb 5, 2024.
             Was an Initiate of Gozag.
             Slain by a sleepcap (22 damage)
             ... in the Ecumenical Temple.
             The game lasted 00:05:48 (322 turns).

Esekla the Sneak (Octopode Delver)                   Turns: 322, Time: 00:05:49

Health: -5/21      AC:  1    Str: 11    XL:     2   Next: 45%
Magic:  2/2        EV:  2    Int: 12    God:    Gozag
Gold:   23         SH:  0    Dex: 13    Spells: 2/2 levels left

rFire   . . .        a - +0 falchion
rCold   . . .        (no shield)
rNeg    . . .        (helmet restricted)
rPois   .            (no amulet)
rElec   .            (no ring)
rCorr   .            (no ring)
SInv    .            (no ring)
Will    .....        (no ring)
Stlth   +++++        (no ring)
HPRegen 0.23/turn    (no ring)
MPRegen 0.08/turn    (no ring)
                     (no ring)

%: no passive effects
@: sleeping
A: almost no armour, amphibious, 8 rings, camouflage 1, gelatinous body 1,
nimble swimmer 1, tentacles
a: Renounce Religion, Potion Petition, Call Merchant, Bribe Branch


You were in the Ecumenical Temple.
You worshipped Gozag.
Gozag was noncommittal.
You visited 2 branches of the dungeon, and saw 3 of its levels.

You collected 37 gold pieces.
You paid 14 gold pieces to Gozag.

Inventory:

Hand Weapons
 a - a +0 falchion (weapon)
 c - a +0 dagger
Wands
 f - a wand of digging (3)
Scrolls
 b - a scroll of fog
 g - a scroll of vulnerability {unknown}
Potions
 h - 2 potions of heal wounds {unknown}


   Skills:
 * Level 3.2 Fighting
 + Level 2.0 Long Blades
 + Level 2.0 Dodging
 + Level 7.0 Stealth
 * Level 0.5 Spellcasting


You had 2 spell levels left.
You didn't know any spells.
Your spell library was empty.

Dungeon Overview and Level Annotations

Branches:
Dungeon (6/15)             Temple (1/1) D:6

Altars:
Ashenzari
Cheibriados
Elyvilon
Fedhas
Gozag
Hepliaklqana
Makhleb
Nemelex Xobeh
Okawaru
Qazlal
Ru
Vehumet
Xom
The Shining One

Shops:
D:5 =[*[:   D:6 *


Innate Abilities, Weirdness & Mutations

You cannot wear most types of armour.
You are amphibious.
You can wear up to eight rings at the same time.
Your skin changes colour to match your surroundings (Stealth+).
Your rubbery body absorbs attacks. (AC +1, EV +1)
You are camouflaged when in or above water. (Stealth+)
You have tentacles for arms and can constrict up to eight enemies at once.


Message History

There is a staircase back to the Dungeon here.
The sleepcap attacks as it pursues you! The sleepcap releases spores at you.
You are engulfed in a cloud of soporific spores!
You fall asleep.
The kobold hits you with a +0 whip.
You wake up.
* * * LOW HITPOINT WARNING * * *
The sleepcap completely misses you.
You enter the deep water.
You start resting.
HP restored.
The kobold misses you.
You barely miss the kobold. Your grab misses the kobold.
The kobold completely misses you. The kobold closely misses you.
You hit the kobold but do no damage. Your grab misses the kobold.
The kobold hits you with a +0 whip.
You hit the kobold.
You kill the kobold!
Your Stealth skill increases to level 7!
You start resting.
HP restored.
The sleepcap misses you.
Things that are here:
6 gold pieces; a +0 whip You now have 23 gold pieces (gained 6).
The sleepcap completely misses you.
You enter the deep water.
You hit the sleepcap. You grab the sleepcap. You squeeze the sleepcap.
The sleepcap is moderately damaged.
You constrict the sleepcap, but do no damage.
The sleepcap releases spores at you but does no damage.
You hit the sleepcap but do no damage. You squeeze the sleepcap.
The sleepcap is heavily damaged.
You constrict the sleepcap. The sleepcap misses you.
The sleepcap releases spores at you.
You are engulfed in a cloud of soporific spores!
You fall asleep.
You lose your grip on the sleepcap.
The sleepcap releases spores at you!!
Ouch! That really hurt!
You die...
Your body crumbles into a pile of gold.

...#### ####....⌠#
......#######........#
.....................#
._..............._...#
..._.⌠.......⌠._....≈#
......._._._.......≈≈#
≈)................≈≈≈#
≈≈≈............f≈≈≈≈≈#
≈≈≈≈≈≈.......≈≈≈@≈≈≈≈#
≈≈≈≈≈≈≈.....≈≈≈≈≈≈≈≈≈#
≈≈≈≈≈≈≈.....≈≈≈≈≈≈≈≈≈#
≈≈≈≈≈≈≈.....≈≈≈≈≈≈≈≈≈#
≈≈≈≈≈≈≈..<..≈≈≈≈≈≈≈≈≈#
≈≈≈≈≈≈≈.....≈≈≈≈≈≈≈≈≈#
≈≈≈≈≈≈≈.....≈≈≈≈≈≈≈≈≈#
≈≈≈≈≈≈≈.....≈≈≈≈≈≈≈≈≈#
≈≈≈≈≈≈.......≈≈≈≈≈≈≈≈#


You could see a sleepcap.

Vanquished Creatures
  An adder (D:5)
  An orc (Temple)
  2 kobolds (Temple)
4 creatures vanquished.

Notes
Turn   | Place    | Note
-------+----------+-------------------------------------------
     0 | D:5      | Esekla the Octopode Delver began the quest for the Orb.
     0 | D:5      | Reached XP level 1. HP: 16/16 MP: 1/1
     0 | D:5      | Found Wocwot's Book Shoppe.
     7 | D:5      | Found Fiap's Armour Shop.
    12 | D:5      | Reached XP level 2. HP: 21/21 MP: 2/2
    13 | D:5      | Found Herui's Armour Emporium.
    16 | D:5      | Found Wesorgh's Jewellery Boutique.
    19 | D:5      | Found Ewkug's General Store.
    75 | D:5      | Noticed a scorpion
    99 | D:6      | Found Aroquadd's General Store.
   101 | D:6      | Noticed a kobold brigand
   120 | D:6      | Noticed a centaur
   134 | D:6      | Found a staircase to the Ecumenical Temple.
   141 | Temple   | Entered the Ecumenical Temple
   151 | Temple   | Became a worshipper of Gozag Ym Sagoz the Greedy
   305 | Temple   | Reached skill level 7 in Stealth
   322 | Temple   | Slain by a sleepcap

Illustrated notes

Levels and vault maps discovered:
D:5:      cheibrodos_helix_gallery, layout_cave_pools,
          nicolae_shop_national_dungeon_mall, minmay_strange_pillars
D:6:      layout_layer_cave, nicolae_yredelemnul_corpse_copse, kennysheep_mini,
          zin_scriptorium, temple_green, serial_shops, kennysheep_little_box
Temple:   nicolae_temple_two_arcs

Skill      XL: |  1  2 |
---------------+-------+-----
Stealth        | 7 |  7.0
Fighting       | |  3.2
Long Blades    | |  2.0
Dodging        | |  2.0
Spellcasting   | |  0.5

Action                     || total
---------------------------++-------
  Melee: Falchion          ||    12
         Constrict         ||     4
         Tentacles         ||     4
    Use: Scroll            ||     3
         Potion            ||     1
 Armour: Skin              ||    13
  Dodge: Dodged            ||    18

Table legend: (Time is in decaauts)
 A = Elapsed time spent in this place.
 B = Non-inter-level travel time spent in this place.
 C = Inter-level travel time spent in this place.
 D = Time resting spent in this place.
 E = Time spent auto-exploring this place.
 F = Levels seen in this place.
 G = Mean time per level.
                   A        B        C        D        E       F      G
               +--------+--------+--------+--------+--------+-----+--------+
         Total |    306 |    306 |      0 |     76 |      0 |   3 |  102.0 |
       Dungeon |    132 |    132 |      0 |      0 |      0 |   2 |   66.0 |
        Temple |    173 |    173 |      0 |     76 |      0 |   1 |  173.0 |
               +--------+--------+--------+--------+--------+-----+--------+

Top non-repeatable levels by time:
  Temple: 173 daAuts
     D:5: 98 daAuts
     D:6: 34 daAuts
